 Dungeon Crawl Stone Soup version 0.24.0-1-gfbc8707 (webtiles) character file.

Game seed: 5073853036789290196, levelgen mode: deterministic

212 Bazzalis the Stinger (level 5, -1/28 HPs)
             Began as a Deep Elf Venom Mage on Nov 6, 2019.
             Slain by a bullfrog skeleton (4 damage)
             ... on level 4 of the Dungeon.
             The game lasted 00:16:31 (4071 turns).

Bazzalis the Stinger (Deep Elf Venom Mage)          Turns: 4071, Time: 00:16:32

Health: -1/28      AC:  2    Str:  5    XL:     5   Next: 58%
Magic:  13/13      EV: 13    Int: 21    God:
Gold:   181        SH:  0    Dex: 15    Spells: 6/12 levels left

rFire    . . .     SeeInvis .   a - +0 dagger
rCold    . . .     Gourm    .   (no shield)
rNeg     . . .     Faith    .   n - +0 robe
rPois    .         Spirit   .   (no helmet)
rElec    .         Reflect  .   (no cloak)
rCorr    .         Harm     .   (no gloves)
MR       .....                  (no boots)
Stlth    ++........             (no amulet)
HPRegen  0.09/turn              (no ring)
MPRegen  0.13/turn              (no ring)

@: no status effects
A: no striking features
a: no special abilities


You were on level 4 of the Dungeon.
You were not hungry.

You visited 1 branch of the dungeon, and saw 4 of its levels.

You collected 181 gold pieces.

Inventory:

Hand Weapons
 a - a +0 dagger (weapon)
   (You took it off a kobold on level 1 of the Dungeon)
 k - a cursed -1 hunting sling
   (You found it on level 1 of the Dungeon)
Missiles
 h - 13 poisoned darts (quivered)
 s - 56 stones
Armour
 n - a +0 robe (worn)
Jewellery
 o - an uncursed ring of see invisible {unknown}
   (You found it on level 2 of the Dungeon)
Scrolls
 b - a scroll of magic mapping {unknown}
 f - a scroll of enchant armour {unknown}
 g - a scroll of remove curse {unknown}
 i - 2 scrolls of identify {unknown}
 j - a scroll of teleportation {unknown}
 l - a scroll of noise {unknown}
 p - a scroll of fog {unknown}
 t - 3 scrolls of fear {unknown}
Potions
 c - a potion of invisibility {unknown}
 d - a potion of cancellation {unknown}
 m - a potion of mutation {unknown}
 r - 4 potions of heal wounds {unknown}
 u - a potion of curing {@q1}
Comestibles
 e - 5 rations {!d}
 q - 2 chunks of flesh


   Skills:
 + Level 1.2 Short Blades
 + Level 1.4 Throwing
 - Level 2.4 Dodging
 + Level 3.6 Stealth
 + Level 4.1 Spellcasting
 * Level 2.7 Conjurations
 + Level 1.0 Air Magic
 * Level 4.5 Poison Magic


You had 6 spell levels left.
You knew the following spells:

 Your Spells              Type           Power        Failure   Level  Hunger
a - Sting                 Conj/Pois      ###.         2%          1    None
b - Poisonous Vapours     Pois/Air       ###...       5%          2    #......
c - Mephitic Cloud        Conj/Pois/Air  ###.....     12%         3    ###....

Your spell library contained the following spells:

 Spells                   Type           Power        Failure   Level  Hunger
 Olgreb's Toxic Radiance  Pois           ###.....     19%         4    ####...
 Venom Bolt               Conj/Pois      ###.......   58%         5    ######.


Dungeon Overview and Level Annotations

Branches:
Dungeon (4/15)
 Temple: D:4-7

Altars:
Wu Jian


Message History

a +0 club; a +0 spear; a gnoll corpse You butcher the gnoll corpse.
q - 3 chunks of flesh (gained 1)
Things that are here:
a +0 club; a +0 spear; a gnoll skeleton
Things that are here:
a +0 club; a +0 spear; a gnoll skeleton
Found a plate armour.
Found 7 gold pieces.
Eating one of 3 chunks of flesh.
You eat one of the 3 chunks of flesh.
A bullfrog skeleton comes into view.
You see here 7 gold pieces.
You can't see any susceptible monsters within range! (Use Z to cast anyway.)
Aim: a bullfrog skeleton (hasn't noticed you) But poisonous vapours would do no harm to the bullfrog skeleton!
Aim: a bullfrog skeleton (hasn't noticed you) But poisonous vapours would do no harm to the bullfrog skeleton!
Aim: a bullfrog skeleton (hasn't noticed you)
Okay, then.
You can't see any susceptible monsters within range! (Use Z to cast anyway.)
Okay, then.
Are you sure you want to pick up this pile of gold now?
You now have 181 gold pieces (gained 7).
The bullfrog skeleton closely misses you.
The bullfrog skeleton hits you.
You hit the bullfrog skeleton.
The bullfrog skeleton completely misses you.
You hit the bullfrog skeleton but do no damage.
The bullfrog skeleton hits you.
You barely miss the bullfrog skeleton.
The bullfrog skeleton closely misses you.
You barely miss the bullfrog skeleton.
The bullfrog skeleton barely misses you.
The bullfrog skeleton hits you.
You hit the bullfrog skeleton. The bullfrog skeleton hits you.
The bullfrog skeleton hits you.
* * * LOW HITPOINT WARNING * * *
You can't see any susceptible monsters within range! (Use Z to cast anyway.)
The bullfrog skeleton barely misses you.
You hit the bullfrog skeleton.
The bullfrog skeleton closely misses you.
You completely miss the bullfrog skeleton.
The bullfrog skeleton misses you. The bullfrog skeleton hits you.
* * * LOW HITPOINT WARNING * * *
The bullfrog skeleton closely misses you.
Found 9 stones.
The bullfrog skeleton hits you.
* * * LOW HITPOINT WARNING * * *
The bullfrog skeleton hits you.
You die...

#. #(### #.....
#...#######
#...##....
#.......# #.......#
###...Z.#
####...@.#
#........#
#........#
#........#
##########........#
...............#+##
...............#
..........######
#####.....#


You could see a bullfrog skeleton.

Vanquished Creatures
  An orc priest (D:3)
  An orc wizard (D:3)
  4 gnolls (D:4)
  3 adders
  4 worms
  3 dart slugs
  8 orcs
  2 ball pythons (D:2)
  10 bats
  3 giant cockroaches
  3 goblins
  4 hobgoblins
  11 jackals
  3 kobolds
  A frilled lizard (D:3)
  5 rats
66 creatures vanquished.

Notes
Turn   | Place    | Note
-------+----------+-------------------------------------------
     0 | D:1      | Bazzalis the Deep Elf Venom Mage began the quest for the
                  | Orb.
     0 | D:1      | Reached XP level 1. HP: 10/10 MP: 6/6
   314 | D:1      | Reached XP level 2. HP: 15/15 MP: 5/8
   347 | D:1      | Learned a level 2 spell: Poisonous Vapours
  1664 | D:2      | Reached XP level 3. HP: 19/19 MP: 2/10
  1734 | D:2      | Learned a level 3 spell: Mephitic Cloud
  2422 | D:2      | Found an ornate altar of the Wu Jian Council.
  2516 | D:2      | Reached skill level 1 in Throwing
  2721 | D:3      | Reached XP level 4. HP: 24/24 MP: 9/11
  3457 | D:3      | Reached skill level 1 in Short Blades
  3457 | D:3      | Reached XP level 5. HP: 28/28 MP: 0/12
  3792 | D:4      | Reached skill level 1 in Air Magic
  4071 | D:4      | Slain by a bullfrog skeleton

Levels and vault maps discovered:
D:1:      dpeg_arrival_connections, layout_loops_ring, serial_forest,
          infiniplex_forest_straight_3, infiniplex_forest_end_1,
          infiniplex_forest_join, infiniplex_forest_end_2,
          infiniplex_forest_straight_5, infiniplex_forest_pool
D:2:      layout_loops_ring, lemuel_coloured_pillars_altar, columned_hall_lemuel
D:3:      layout_rooms, first_ration, nrook_mini_vaults, grunt_ministairs_12
D:4:      layout_basic

Skill      XL: |  1  2  3  4  5 |
---------------+----------------+-----
Stealth        | 3 |  3.6
Poison Magic   | 4 |  4.5
Throwing       | 1 |  1.4
Conjurations   | 2 |  2.7
Short Blades   | 1 |  1.2
Spellcasting   | 4 |  4.1
Air Magic      | 1 |  1.0
Dodging        | |  2.4

Action                   |  1- 3 |  4- 6 || total
-------------------------+-------+-------++-------
Melee: Dagger            |     8 |    27 ||    35
Throw: Dart              |     2 |       ||     2
 Cast: Sting             |    61 |    64 ||   125
       Poisonous Vapours |    20 |    13 ||    33
       Mephitic Cloud    |       |     2 ||     2
  Eat: Chunk             |     6 |     5 ||    11
Armor: Robe              |     5 |     3 ||     8
Dodge: Dodged            |    19 |    38 ||    57
